 Dungeon Crawl Stone Soup version 0.30.0 (webtiles) character file.

Game seed: 18318322539537777285

26618 Deliniquente the Severer (level 13, -29/119 HPs)
             Began as a Hill Orc Fighter on June 10, 2023.
             Was an Elder of Beogh.
             Annihilated by a naga
             ... wielding a +0 glaive
              (32 damage)
             ... on level 1 of the Snake Pit on June 11, 2023.
             The game lasted 02:07:35 (14564 turns).

Deliniquente the Severer (Hill Orc Fighter)        Turns: 14564, Time: 02:07:35

Health: -29/119    AC: 21    Str: 30    XL:     13   Next: 27%
Magic:  0/29       EV:  4    Int: 11    God:    Beogh [****..]
Gold:   349        SH:  0    Dex: 10    Spells: 12/12 levels left

rFire   . . .        N - +5 hand axe (freeze)
rCold   . . .        n - +0 kite shield
rNeg    . . .        F - +1 plate armour
rPois   .            K - +2 hat {Int+3}
rElec   .            (no cloak)
rCorr   .            o - +1 pair of gloves
SInv    .            (no boots)
Will    .....        T - amulet of guardian spirit Stlth
                     A - +6 ring of strength
HPRegen 0.39/turn    H - ring of magical power
MPRegen 0.21/turn

%: guardian spirit
@: confused, mighty, lethally poisoned (-29 -> -35), ambrosia-drunk,
constricted, unable to read
A: inability to read after injury 1
a: Renounce Religion, Smiting, Recall Orcish Followers


You were on level 1 of the Snake Pit.
You worshipped Beogh.
Beogh was greatly pleased with you.
You visited 4 branches of the dungeon, and saw 15 of its levels.

You collected 721 gold pieces.
You spent 372 gold pieces at shops.

Inventory:

Hand Weapons
 b - the +7 rapier "Dideez" {flame, *Noise rElec Str+5}
   (You found it on level 10 of the Dungeon)

   Str:       It affects your strength (+5).
   rElec:     It insulates you from electricity.
   *Noise:    It may make noises in combat.
 i - a +2 mace of holy wrath
 j - a +0 longbow
 k - a +0 whip
 m - a +2 antimagic hand axe
 p - a +2 short sword of venom
 y - a +4 hand axe
 D - a +2 vampiric whip
 G - a +3 sling
 N - a +5 hand axe of freezing (weapon)
 O - a +3 battleaxe
 W - the +7 mace "Zogif" {drain, Will+ Dex+4 Stlth+}
   (You found it on level 9 of the Dungeon)

   Dex:       It affects your dexterity (+4).
   Will:      It increases your willpower.
   Stlth:     It makes you more stealthy.
Missiles
 f - 44 poisoned darts (quivered)
 v - 4 datura-tipped darts
 E - 4 curare-tipped darts
Armour
 d - a +2 helmet
 n - a +0 kite shield (worn)
 o - a +1 pair of gloves (worn)
 F - a +1 plate armour (worn)
 K - a +2 hat of intelligence (worn)
 S - a +0 troll leather armour
Magical Staves
 C - a staff of poison
 X - a staff of earth
Jewellery
 A - a +6 ring of strength (left hand)
 B - a ring of see invisible
 H - a ring of magical power (right hand)
 T - an amulet of guardian spirit (around neck)
Wands
 a - a wand of quicksilver (13)
 h - a wand of digging (8)
 l - a wand of flame (19)
 z - a wand of polymorph (5)
 J - a wand of roots (5)
 Y - a wand of paralysis (6)
Scrolls
 e - 2 scrolls of teleportation
 r - 2 scrolls of immolation
 s - 2 scrolls of amnesia
 u - a scroll of fear
 w - 2 scrolls of magic mapping
 x - a scroll of poison
 I - a scroll of noise
Potions
 c - 2 potions of brilliance
 g - a potion of curing
 t - 2 potions of flight
 U - a potion of cancellation


   Skills:
 * Level 12.5 Fighting
 * Level 3.0 Short Blades
 * Level 15.8 Axes
 - Level 0.1 Throwing
 * Level 13.4 Armour
 - Level 0.6 Stealth
 * Level 7.6 Shields
 * Level 9.5 Invocations


You had 12 spell levels left.
You didn't know any spells.
Your spell library contained the following spells:

 Spells                   Type           Power      Damage    Failure   Level
 Dazzling Flash           Conj/Hex       0%         N/A       100%        3
 Inner Flame              Hex/Fire       0%         N/A       100%        3
 Volatile Blastmotes      Fire/Tloc      0%         2d10      100%        3
 Animate Dead             Necr           0%         N/A       100%        4
 Iskenderun's Mystic Bla  Conj/Tloc      0%         2d3       100%        4
 Summon Ice Beast         Ice/Summ       0%         N/A       100%        4
 Iskenderun's Battlesphe  Conj           0%         2d6       100%        5
 Summon Mana Viper        Hex/Summ       0%         N/A       100%        5
 Yara's Violent Unravell  Hex/Tmut       0%         3d3       100%        5
 Iron Shot                Conj/Erth      0%         9d1       100%        6
 Starburst                Conj/Fire      0%         6d3       100%        6
 Enfeeble                 Hex            0%         N/A       100%        7
 Haunt                    Necr/Summ      0%         N/A       100%        7
 Monstrous Menagerie      Summ           0%         N/A       100%        7
 Spellforged Servitor     Conj/Summ      0%         N/A       100%        7
 Infestation              Necr           0%         N/A       100%        8


Dungeon Overview and Level Annotations

Branches:
Dungeon (11/15)            Temple (1/1) D:4            Lair (2/5) D:10
  Snake (1/4) Lair:2
  Swamp: Lair:2-3    Shoals: Lair:2-3       Orc: D:9-12

Altars:
Ashenzari
Cheibriados
Dithmenos
Fedhas
Gozag
Hepliaklqana
Kikubaaqudgha
Makhleb
Nemelex Xobeh
Okawaru
Qazlal
Ru
Sif Muna
Trog
Uskayaw
Vehumet
Xom
Yredelemnul
Zin
The Shining One

Shops:
D:5 **   D:8 =


Innate Abilities, Weirdness & Mutations

You occasionally lose the ability to read scrolls when taking damage.


Message History

* * * LOW HITPOINT WARNING * * *
The naga warrior constricts you.
* * * LOW HITPOINT WARNING * * *
The naga spits poison at you.
The splash of poison hits you but does no damage.
You are poisoned.
The naga warrior hits you with a +0 battleaxe!
* * * LOW HITPOINT WARNING * * *
The naga warrior spits poison at you.
The splash of poison hits you but does no damage.
You are lethally poisoned!
You feel better.
The naga hits you from afar with a +0 glaive!
* * * LOW HITPOINT WARNING * * *
The naga warrior roars a battlecry!
The nagas go into a battle-frenzy!
The naga warrior constricts you.
The naga warrior hits you with a +0 battleaxe!
* * * LOW HITPOINT WARNING * * *
It was a potion of ambrosia.
You are confused.
You feel invigorated.
You can read scrolls again.
The naga hits you from afar with a +0 glaive.
* * * LOW HITPOINT WARNING * * *
The naga warrior hits you but does no damage.
The naga warrior constricts you. The naga warrior spits poison at you.
The splash of poison hits you.
You are lethally poisoned!
* * * LOW HITPOINT WARNING * * *
You closely miss the naga warrior.
The naga warrior is severely wounded.
You slash the naga! You freeze the naga. You hit the naga warrior.
You freeze the naga warrior. You closely miss the naga warrior.
* * * LOW HITPOINT WARNING * * *
You feel sick.
The naga hits you from afar with a +0 glaive!!!
You feel threatened and lose the ability to read scrolls!
You die...

.. . #..[...+ >.###
######......#++
.....###......#....>...
......#.................
........................
......NN................
.....NN@................
.......N.)/.............
........................
........................
.#............#.........
#++#.......#####''#####
#.......#####.......
#.......+...........
+.......+...........


You could see 3 naga warriors and 2 nagas.

Vanquished Creatures
  Gastronok (Lair:2)
  A hydra (Lair:2)
  A centaur warrior (D:9)
  A catoblepas (D:9)
  2 two-headed ogres
  A shock serpent (Snake:1)
  Nergalle (D:10)
  A skyshark (Lair:2)
  Pikel (D:4)
  2 manticores (D:9)
  A deep elf pyromancer (D:9)
  An ugly thing (D:9)
  A black mamba (Snake:1)
  A cyclops (D:9)
  A centaur zombie (D:10)
  A cane toad (Lair:1)
  An unseen horror (D:9)
  3 centaur skeletons (D:10)
  Psyche (D:10)
  A komodo dragon (D:10)
  A kobold demonologist (D:9)
  An efreet (D:9)
  An unseen horror skeleton (D:10)
  A troll (D:11)
  A polar bear (Lair:2)
  7 flying skulls (D:10)
  A shadow (D:9)
  5 wyverns
  3 wraiths (D:10)
  23 yaks
  5 basilisks
  2 steam dragons (D:7)
  2 vampire mosquitoes (D:10)
  5 nagas
  4 wargs (D:10)
  2 acid dragons
  8 water moccasins
  Menkaure (D:3)
  Duvessa (D:4)
  2 hell hounds (D:10)
  A black bear (Lair:1)
  4 orc warriors
  4 centaurs (D:9)
  11 wolves
  A lemure (D:4)
  A phantom (D:6)
  5 kobold brigands
  7 bullfrogs
  A gnoll sergeant (D:9)
  6 scorpions
  8 wights
  Dowan (D:4)
  5 jellies
  An electric eel (Lair:1)
  5 howler monkeys (D:9)
  9 hounds
  6 orc priests
  Crazy Yiuf (D:7)
  A gnoll bouda (D:9)
  2 sleepcaps
  4 orc wizards
  5 iguanas
  3 hell rats (D:10)
  9 adders
  A gnoll (D:3)
  A shadow imp (D:3)
  A worm (D:9)
  2 dart slugs (D:1)
  27 orcs
  3 ball pythons
  5 bats
  5 endoplasms
  12 goblins
  6 hobgoblins
  23 kobolds
  8 quokkas
  9 rats
  A bush (Lair:1)
305 creatures vanquished.

Vanquished Creatures (collateral kills)
  A rime drake (Lair:1)
  A burning bush (Lair:1)
  A flying skull (D:10)
  4 yaks
  A steam dragon (D:9)
  An acid dragon (D:10)
  A wolf (Lair:1)
  3 bullfrogs
  A killer bee (D:9)
  An electric eel (Lair:1)
  An orc wizard (D:9)
  A hell rat (D:10)
  2 kobolds (D:10)
19 creatures vanquished.

Vanquished Creatures (others)
  An orc high priest (Lair:2)
  4 orc warriors (D:9)
  5 orc priests
  2 orc wizards
  11 orcs
  9 fungi
  64 plants
  A withered plant (D:3)
97 creatures vanquished.

Grand Total: 421 creatures vanquished

Notes
Turn   | Place    | Note
-------+----------+-------------------------------------------
     0 | D:1      | Deliniquente the Hill Orc Fighter began the quest for the
                  | Orb.
     0 | D:1      | Reached XP level 1. HP: 19/19 MP: 1/1
   174 | D:1      | Reached XP level 2. HP: 27/27 MP: 2/2
   274 | D:1      | Reached skill level 3 in Axes
   304 | D:1      | Reached XP level 3. HP: 33/33 MP: 3/3
   972 | D:2      | Found a faded altar of an unknown god.
  1020 | D:2      | Reached skill level 1 in Invocations
  1027 | D:2      | Reached XP level 4. HP: 39/41 MP: 4/4
  1591 | D:3      | Reached skill level 4 in Axes
  1873 | D:3      | Became a worshipper of Beogh the Brigand
  1952 | D:3      | Found an ancient bone altar of Kikubaaqudgha.
  2181 | D:3      | Reached XP level 5. HP: 23/47 MP: 5/5
  2335 | D:4      | Noticed Menkaure
  2454 | D:4      | Reached skill level 5 in Axes
  2459 | D:3      | Killed Menkaure
  2460 | D:3      | Reached XP level 6. HP: 13/55 MP: 5/7
  2684 | D:4      | Noticed Duvessa
  2692 | D:4      | Reached skill level 6 in Axes
  2795 | D:4      | Killed Duvessa
  2796 | D:4      | Reached skill level 5 in Fighting
  2807 | D:3      | Reached XP level 7. HP: 19/61 MP: 8/8
  2951 | D:4      | Noticed Dowan
  2961 | D:4      | Killed Dowan
  3144 | D:4      | Noticed Pikel
  3169 | D:4      | Killed Pikel
  3170 | D:4      | Reached skill level 8 in Axes
  3170 | D:4      | Reached skill level 5 in Armour
  3170 | D:4      | Reached XP level 8. HP: 38/70 MP: 8/10
  3279 | D:4      | Reached * piety under Beogh
  3337 | D:4      | Found a staircase to the Ecumenical Temple.
  3345 | Temple   | Entered the Ecumenical Temple
  4067 | D:5      | Entered Level 5 of the Dungeon
  4162 | D:5      | Found Tiacsy's Assorted Antiques.
  4173 | D:5      | Bought a scroll labelled JOXEKHLINANG for 21 gold pieces
  4173 | D:5      | Bought a scroll labelled JOXEKHLINANG for 21 gold pieces
  4186 | D:5      | Reached skill level 9 in Axes
  4326 | D:5      | Found a shadowy altar of Dithmenos.
  4356 | D:5      | Found Vin Voatud's Gadget Gallery.
  4632 | D:5      | Reached ** piety under Beogh
  4930 | D:6      | Reached skill level 10 in Axes
  4930 | D:6      | Reached XP level 9. HP: 67/78 MP: 12/12
  5488 | D:7      | Found a radiant altar of Vehumet.
  5612 | D:7      | Gained mutation: You expend magic power (3 MP) to
                  | strengthen your wands. [potion of mutation]
  5612 | D:7      | Gained mutation: You have sharp fingernails. [potion of
                  | mutation]
  5612 | D:7      | Gained mutation: Your mind is acute. (Int +4, Str/Dex -1)
                  | [potion of mutation]
  5614 | D:7      | Lost mutation: You have sharp fingernails. [potion of
                  | mutation]
  5614 | D:7      | Lost mutation: Your mind is acute. (Int +4, Str/Dex -1)
                  | [potion of mutation]
  5614 | D:7      | Lost mutation: You expend magic power (3 MP) to strengthen
                  | your wands. [potion of mutation]
  5614 | D:7      | Gained mutation: You passively map a small area around you.
                  | [potion of mutation]
  5614 | D:7      | Gained mutation: Your mind is acute. (Int +4, Str/Dex -1)
                  | [potion of mutation]
  5614 | D:7      | Gained mutation: Your flesh is heat resistant. (rF+)
                  | [potion of mutation]
  5615 | D:7      | Lost mutation: Your flesh is heat resistant. (rF+) [potion
                  | of mutation]
  5615 | D:7      | Lost mutation: Your mind is acute. (Int +4, Str/Dex -1)
                  | [potion of mutation]
  5615 | D:7      | Lost mutation: You passively map a small area around you.
                  | [potion of mutation]
  5615 | D:7      | Gained mutation: You occasionally lose the ability to read
                  | scrolls when taking damage. [potion of mutation]
  5727 | D:7      | HP: 3/79 [orc warrior/+0 flail (12)]
  5951 | D:7      | Reached *** piety under Beogh
  6057 | D:7      | Reached skill level 11 in Axes
  6159 | D:7      | Noticed Maggie
  6162 | D:7      | Maggie changed into Maggie the wyvern
  6162 | D:7      | Noticed Maggie
  6252 | D:7      | Found a snail-covered altar of Cheibriados.
  6252 | D:7      | Found a glowing golden altar of the Shining One.
  6260 | D:7      | Found a faded altar of an unknown god.
  6262 | D:7      | Found a faded altar of an unknown god.
  6264 | D:7      | Found a sparkling altar of Nemelex Xobeh.
  6341 | D:7      | Reached skill level 5 in Invocations
  6427 | D:7      | Killed Maggie the wyvern
  6632 | D:7      | Reached XP level 10. HP: 83/88 MP: 4/14
  6678 | D:7      | Found a runed translucent door.
  6679 | D:7      | Noticed Crazy Yiuf
  6690 | D:7      | Killed Crazy Yiuf
  6799 | D:8      | Reached skill level 12 in Axes
  7122 | D:8      | Found an iron altar of Okawaru.
  7129 | D:8      | Noticed a two-headed ogre
  7171 | D:8      | Killed a two-headed ogre
  7383 | D:8      | You fall into a shaft and drop 3 floors!
  7506 | D:10     | Entered Level 10 of the Dungeon
  7671 | D:8      | Found Senaog's Jewellery Shoppe.
  7676 | D:8      | Bought an amulet of guardian spirit for 330 gold pieces
  7726 | D:8      | Reached skill level 13 in Axes
  8053 | D:9      | Found an opulent altar of Gozag.
  8054 | D:9      | Found an opulent altar of Gozag.
  8055 | D:9      | Found a hide-covered altar of Uskayaw.
  8055 | D:9      | Found a broken altar of Ashenzari.
  8097 | D:9      | Noticed a two-headed ogre
  8100 | D:9      | Noticed a kobold demonologist
  8120 | D:9      | Killed an unseen horror
  8145 | D:9      | Reached skill level 10 in Armour
  8372 | D:9      | Killed a kobold demonologist
  8373 | D:9      | Reached XP level 11. HP: 94/97 MP: 15/15
  8427 | D:9      | Killed a two-headed ogre
  8502 | D:9      | Reached skill level 14 in Axes
  8560 | D:9      | Noticed a manticore
  8579 | D:9      | Killed a manticore
  8656 | D:9      | Noticed a deep elf pyromancer
  8692 | D:9      | Noticed a green ugly thing
  8952 | D:9      | Killed a green ugly thing
  8956 | D:9      | Killed a deep elf pyromancer
  9249 | D:9      | Noticed a cyclops
  9265 | D:9      | Killed a cyclops
  9337 | D:9      | Reached skill level 10 in Fighting
  9386 | D:9      | Identified the +7 mace "Zogif" {drain, Will+ Dex+4 Stlth+}
  9392 | D:9      | Identified the +8 rapier of Descent {antimagic, *Slow rPois
                  | Will+}
  9392 | D:9      | Found the amulet of the Air {Inacc Air Fly rElec RMsl}
  9395 | D:9      | Noticed a manticore
  9395 | D:9      | Noticed a centaur warrior
  9417 | D:9      | Killed a centaur warrior
  9427 | D:9      | Killed a manticore
  9887 | D:9      | Paralysed by a centaur for 4 turns
 10238 | D:9      | Noticed a catoblepas
 10268 | D:9      | Killed a catoblepas
 10628 | D:10     | Reached **** piety under Beogh
 10636 | D:10     | Reached XP level 12. HP: 76/108 MP: 5/17
 10644 | D:10     | Reached skill level 5 in Shields
 10873 | D:10     | Reached skill level 15 in Axes
 10923 | D:10     | Identified the +7 rapier "Dideez" {flame, *Noise rElec
                  | Str+5}
 11016 | D:10     | Gained Learuk as an ally
 11021 | D:10     | Noticed Psyche
 11030 | D:10     | Reached skill level 1 in Short Blades
 11036 | D:10     | Killed Psyche
 11054 | D:10     | Your ally Learuk died
 11171 | D:10     | Gained Harm as an ally
 11275 | D:10     | Noticed Nergalle
 11296 | D:10     | Killed Nergalle
 11410 | D:10     | Found a staircase to the Lair.
 11503 | Lair:1   | Entered Level 1 of the Lair of Beasts
 12131 | Lair:1   | Reached ***** piety under Beogh
 12826 | Lair:2   | Your ally Harm died
 13195 | Lair:2   | Reached XP level 13. HP: 104/118 MP: 19/19
 13324 | Lair:2   | Noticed Gastronok
 13631 | Lair:2   | Killed Gastronok
 14211 | Lair:2   | Found a staircase to the Snake Pit.
 14443 | Snake:1  | Entered Level 1 of the Snake Pit
 14561 | Snake:1  | HP: 5/119 [naga warrior/+0 battleaxe (13)]
 14562 | Snake:1  | HP: 1/119 [naga warrior/+0 battleaxe (7)]
 14564 | Snake:1  | Annihilated by a naga

Illustrated notes

Levels and vault maps discovered:
D:1:      wander_arrival_abandoned_jail, layout_basic
D:2:      layout_basic, hellmonk_ecumenical_altar_heavens_door,
          nicolae_concentric_dashed_squares_wild
D:3:      layout_basic, mainiacjoe_overflow_surrounded_room, serial_undead,
          serial_undead_e, serial_undead_e, serial_undead_b, serial_undead_e,
          kennysheep_potato
D:4:      layout_basic, minmay_temple_entry_nine_rooms, amethyst_killhole,
          uniq_duvessa, uniq_pikel, uniq_menkaure
D:5:      layout_rooms, nicolae_dithmenos_shadow_blocks, serial_shops, shop,
          nicolae_shop_gadgets
D:6:      layout_basic
D:7:      layout_cave_pools, nicolae_vehumet_altar_sigil,
          chequers_temple_overflow_minitemple, palyth_stone_intersect,
          minmay_chambers_of_fives, uniq_maggie, uniq_crazy_yiuf_cottage
D:8:      layout_loops_ring, okawaru_gym_becter, serial_shops, shop,
          hellmonk_bongcloud_opening
D:9:      minmay_the_grid_octo_2x2 [minmay_the_grid_octo_shrine,
          minmay_the_grid_octo_focus, minmay_the_grid_octo_horde,
          minmay_the_grid_octo_prize_single_spiral], layout_loops_corners
D:10:     lemuel_vampire_tower, layout_cave_pools, david_lair_shrubbed,
          uniq_psyche, uniq_nergalle
D:11:     layout_roguey
Temple:   bh_familiar_temple
Lair:1:   layout_loops_ring, nicolae_quartered_pool_super, st_stairs_12,
          evilmike_ambush [evilmike_ambush_outer_pillars,
          evilmike_ambush_inner_basic]
Lair:2:   layout_regular_city, minmay_snake_entry_guardpost_medium,
          serial_rivers, chequers_serial_rivers_small_3,
          chequers_serial_rivers_large_b, chequers_serial_rivers_room_a,
          chequers_serial_rivers_small_3, chequers_serial_rivers_room_a,
          chequers_serial_rivers_small_b, chequers_serial_rivers_room_a,
          chequers_serial_rivers_micro_a, lemuel_fruit_fields, uniq_gastronok
Snake:1:  layout_gridlike, portal_ice_cave_entry_ugly_swarm, special_room,
          nicolae_shop_self_help, serial_bayou_shore_a, serial_bayou_shore_b

Skill      XL: |  1  2  3  4  5  6  7  8  9 10 11 12 13 |
---------------+----------------------------------------+-----
Fighting       | 4 5 6 7 9 10 12 | 12.5
Axes           | 3 4 5 6 8 10 11 13 14 15 | 15.8
Invocations    | 1 2 3 4 5 6 7 9 |  9.5
Armour         | 4 5 6 8 10 12 13 | 13.4
Shields        | 4 6 7 |  7.6
Short Blades   | 2 3 |  3.0
Throwing       | |  0.1
Stealth        | |  0.6

Action                     |  1- 3 |  4- 6 |  7- 9 | 10-12 | 13-15 || total
---------------------------+-------+-------+-------+-------+-------++-------
  Melee: War axe           |    97 |    97 |   108 |       |       ||   302
         Hand axe          |       |       |   209 |   627 |    94 ||   930
         Whip              |       |       |    42 |       |       ||    42
         Mace              |       |       |       |    51 |       ||    51
         Rapier            |       |       |       |     5 |    11 ||    16
         Short sword       |       |       |       |       |    16 ||    16
   Fire: Sling             |       |       |       |     2 |       ||     2
  Throw: Dart              |       |     3 |    48 |    75 |    12 ||   138
 Invoke: Convert to Beogh  |       |     1 |       |       |       ||     1
         Smiting           |       |       |     1 |     9 |     1 ||    11
         Recall Orcish Fol |       |       |       |     3 |       ||     3
  Evoke: Wand              |       |       |     3 |     7 |     3 ||    13
    Use: Potion            |       |     1 |     7 |     5 |     4 ||    17
         Scroll            |       |     1 |    11 |    12 |     5 ||    29
   Stab: Distracted        |       |       |       |     4 |       ||     4
 Armour: Scale mail        |    49 |    53 |    87 |       |       ||   189
         Plate armour      |       |       |    95 |   360 |    46 ||   501
  Dodge: Dodged            |    43 |    75 |   130 |   165 |    32 ||   445
  Block: Buckler           |    26 |    22 |    55 |    26 |       ||   129
         Kite shield       |       |       |       |   214 |    60 ||   274
